 Dungeon Crawl Stone Soup version 0.30.1-9-gdf580d7c3d (webtiles) character file.

Game seed: 3065737899289195276

7735 Cheops the Arsonist (level 11, -17/81 HPs)
             Began as a Naga Fire Elementalist on Oct 12, 2023.
             Was an Initiate of Cheibriados.
             Demolished by Urug
             ... wielding a +1 demon trident
              (29 damage)
             ... on level 10 of the Dungeon.
             The game lasted 00:51:26 (12908 turns).

Cheops the Arsonist (Naga Fire Elementalist)       Turns: 12908, Time: 00:51:27

Health: -17/81     AC: 12    Str: 11    XL:     11   Next: 19%
Magic:  9/16       EV: 13    Int: 19    God:    Cheibriados [......]
Gold:   92         SH:  5    Dex: 12    Spells: 6/16 levels left

rFire   + + +        a - +4 falchion
rCold   . . .        (no shield)
rNeg    + . .        N - +6 ring mail "Ameklisk" {rN+}
rPois   +            (no helmet)
rElec   .            y - scarf "Ylett" {repulsion, rF++ rCorr Int-3}
rCorr   +            (no gloves)
SInv    +            (no barding)
Will    +....        g - amulet of reflection
Stlth   +            w - ring of protection from fire
HPRegen 0.33/turn    J - +5 ring of evasion
MPRegen 0.15/turn

%: repel missiles, reflection
@: very slow
A: AC +3, large, see invisible, deformed body, poison resistance, slowness 2,
spit poison 1, naga tail 1
a: Spit Poison, Renounce Religion


You were on level 10 of the Dungeon.
You worshipped Cheibriados.
Cheibriados was noncommittal.
You visited 2 branches of the dungeon, and saw 11 of its levels.
You also visited: Sewer.

You collected 596 gold pieces.
You spent 504 gold pieces at shops.

Inventory:

Hand Weapons
 a - a +4 falchion (weapon)
 b - a +1 trident of freezing
 e - a +0 spear
 j - a +1 dagger of protection
 u - a +2 mace of protection
 A - a +1 whip of freezing
 F - a +2 spear of venom
 L - a +2 great sword of freezing
Missiles
 x - 4 throwing nets
Armour
 y - the scarf "Ylett" (worn) {repulsion, rF++ rCorr Int-3}
   (You acquired it on level 4 of the Dungeon)

   Int:       It affects your intelligence (-3).
   rF:        It greatly protects you from fire.
   rCorr:     It protects you from acid and corrosion.
 H - +0 steam dragon scales
 M - the +0 ring mail "Hoisupp" {rF- Str+3}
   (You bought it in a shop on level 8 of the Dungeon)

   Str:       It affects your strength (+3).
   rF:        It makes you vulnerable to fire.
 N - the +6 ring mail "Ameklisk" (worn) {rN+}
   (You bought it in a shop on level 8 of the Dungeon)

   rN:        It protects you from negative energy.
Jewellery
 g - an amulet of reflection (around neck)
 w - a ring of protection from fire (left hand)
 J - a +5 ring of evasion (right hand)
Wands
 o - a wand of flame (35)
 D - a wand of iceblast (21)
 G - a wand of charming (10)
 I - a wand of polymorph (14)
Scrolls
 c - 8 scrolls of teleportation
 f - 2 scrolls of vulnerability {unknown}
 i - a scroll of silence {unknown}
 k - a scroll of torment
 l - 3 scrolls of fear {unknown}
 m - 3 scrolls of enchant weapon {unknown}
 p - 5 scrolls of amnesia {unknown}
 t - 3 scrolls of blinking {unknown}
 v - a scroll of immolation
 z - a scroll of summoning
 E - a scroll of fog
 K - a scroll of acquirement
 O - a scroll of identify
Potions
 d - 7 potions of curing {unknown}
 h - 3 potions of haste
 n - 5 potions of mutation {unknown}
 q - a potion of heal wounds {unknown}
 r - a potion of might {unknown}
 s - a potion of resistance
 B - 3 potions of attraction {unknown}
 C - a potion of magic
 P - a potion of ambrosia {unknown}


   Skills:
 - Level 1.5 Dodging
 - Level 3.0 Stealth
 - Level 3.0 Spellcasting
 - Level 10.0 Conjurations
 - Level 10.0 Fire Magic
 - Level 5.1 Air Magic
 - Level 5.0 Poison Magic
 * Level 7.8 Invocations


You had 6 spell levels left.
You knew the following spells:

 Your Spells              Type           Power      Damage    Failure   Level
a - Foxfire               Conj/Fire      100%       2x1d9     1%          1
b - Scorch                Fire           80%        2d8       1%          2
m - Mephitic Cloud        Conj/Pois/Air  28%        N/A       7%          3
w - Flame Wave            Conj/Fire      40%        2d11      6%          4

Your spell library contained the following spells:

 Spells                   Type           Power      Damage    Failure   Level
 Poisonous Vapours        Pois/Air       44%        N/A       7%          2
 Inner Flame              Hex/Fire       21%        N/A       14%         3
 Stone Arrow              Conj/Erth      42%        3d9       14%         3
 Volatile Blastmotes      Fire/Tloc      42%        2d13      14%         3
 Blink                    Tloc           4%         N/A       50%         2
 Freezing Cloud           Conj/Ice/Air   11%        6-21      78%         5
 Animate Armour           Summ/Erth      4%         N/A       98%         4
 Manifold Assault         Tloc           2%         N/A       98%         4
 Petrify                  Tmut/Erth      2%         N/A       98%         4
 Metabolic Englaciation   Hex/Ice        1%         N/A       100%        5
 Statue Form              Tmut/Erth      1%         N/A       100%        6
 Storm Form               Tmut/Air       6%         N/A       100%        7
 Lehudib's Crystal Spear  Conj/Erth      10%        10d4      100%        8


Dungeon Overview and Level Annotations

Branches:
Dungeon (10/15)            Temple (1/1) D:7            Lair (0/5) D:9
  Sewer (visited)
    Orc: D:9-12

Altars:
Ashenzari
Cheibriados
Dithmenos
Elyvilon
Fedhas
Gozag
Hepliaklqana
Kikubaaqudgha
Makhleb
Nemelex Xobeh
Okawaru
Qazlal
Ru
Sif Muna
Trog
Uskayaw
Vehumet
Wu Jian
Xom
Yredelemnul
Zin
The Shining One

Shops:
D:2 :   D:8 [(

Annotations:
D:8 dig
D:10 Urug


Innate Abilities, Weirdness & Mutations

Your serpentine skin is tough. (AC +3)
You have supernaturally acute eyesight. (SInv)
Armour fits poorly on your strangely shaped body.
Your system is resistant to poisons. (rPois)
You cover ground very slowly.
You can spit poison.
You have a snake-like lower body.


Message History

As you open the door, it creaks loudly!
There is an open door here.
You open the door.
Urug the Orcish Ballista comes into view.
She is wielding a +1 demon trident.
There is an open door here.
Urug is nearby!
Urug is nearby!
Urug is nearby!
Urug is nearby!
Urug is nearby!
Unknown command.
Urug shouts!
Urug adjusts her eyepatch.
Urug throws a javelin.
The javelin misses you.
Urug throws a javelin.
The javelin barely misses you.
Urug hits you from afar with a +1 demon trident!
Urug hits you with a +1 demon trident!!
* * * LOW HITPOINT WARNING * * *
Urug closely misses you.
Casting: Flame Wave (dangerous; 6% risk of failure)
Confirm with . or Enter, or press ? or * to list all spells.
Flames lash Urug.
Urug is lightly wounded.
Urug's fire resistance burns away.
Urug hits you with a +1 demon trident!
* * * LOW HITPOINT WARNING * * *
Casting: Scorch (safe; 1% risk of failure)
Confirm with . or Enter, or press ? or * to list all spells.
Casting: Flame Wave (dangerous; 6% risk of failure)
Press: ? - help, Dir - look around, f - activate A wave of flame ripples out!
The flame wave engulfs Urug!!
Urug is burned terribly!
Urug is heavily wounded. (Press . to intensify the flame waves.) Urug hits you with a +1 demon trident!
* * * LOW HITPOINT WARNING * * *
A wave of flame ripples out!
The flame wave engulfs Urug!
Urug is burned terribly!
Urug is severely wounded.
Urug hits you with a +1 demon trident!!
You die...

'......#.... ...................
#......#...######................
#......#..................####...
#......#...................).....
#......######'#####..............
.......#..........#.......)).....
.......#..........#......).......
.......#..........#......######..
.......#........@[#......#....#..
.......#........o.#......#....#..
.##..^.##.........#......#....#.#
. #....##.........#.###..'....#.#
. #....############.# #..#....#.#
. #....############.# #..#....+.#
#...............#.# #..#....#.#
#...............#.###..#....#..
#...............#......#....#..


You could see Urug (combustible).

Vanquished Creatures
  3 two-headed ogres
  Pikel (D:5)
  Maurice (D:8)
  A troll (D:10)
  A hornet (D:8)
  A shadow (D:9)
  Sigmund (D:5)
  A wyvern (D:7)
  Grum (D:8)
  2 steam dragons
  3 water moccasins
  Pargi (Sewer)
  2 black bears (D:7)
  3 orc warriors
  2 ogres
  3 wolves
  7 centaurs
  A phantom (D:5)
  4 lemures (D:5)
  2 bullfrogs
  2 gnoll sergeants (D:10)
  4 scorpions
  7 wights
  6 killer bees
  A howler monkey (D:9)
  5 hounds
  3 jellies
  A gnoll bouda (D:5)
  2 iguanas
  A sleepcap (D:4)
  5 orc wizards
  Ijyb (D:5)
  3 adders
  20 gnolls
  A river rat (D:3)
  2 white imps
  An ufetubus (D:6)
  2 dart slugs (D:2)
  33 orcs
  5 endoplasms
  9 giant cockroaches
  6 goblins
  6 hobgoblins
  6 kobolds
  3 quokkas
  9 ball pythons
  2 bats
  9 frilled lizards
  8 rats
  A foxfire (D:9)
205 creatures vanquished.

Vanquished Creatures (others)
  A killer bee (D:8)
  574 foxfires
575 creatures vanquished.

Grand Total: 780 creatures vanquished

Notes
Turn   | Place    | Note
-------+----------+-------------------------------------------
     0 | D:1      | Cheops the Naga Fire Elementalist began the quest for the
                  | Orb.
     0 | D:1      | Reached XP level 1. HP: 15/15 MP: 3/3
   229 | D:1      | Reached XP level 2. HP: 5/22 MP: 1/5
   586 | D:1      | Learned a level 2 spell: Scorch
   908 | D:1      | Reached XP level 3. HP: 28/28 MP: 5/7
  1273 | D:2      | Found a faded altar of an unknown god.
  1419 | D:2      | Found Ciatarib's Vocational Training.
  1790 | D:2      | Noticed a scorpion
  1795 | D:2      | Killed a scorpion
  1796 | D:2      | Reached XP level 4. HP: 21/36 MP: 0/8
  2218 | D:3      | Reached XP level 5. HP: 38/42 MP: 6/9
  2243 | D:3      | Identified the +8 dagger of Greed {speed, rPois Str+6
                  | Int+2}
  2264 | D:3      | Found a glowing drain.
  2304 | Sewer    | Entered a sewer
  2396 | Sewer    | Noticed Pargi
  2482 | Sewer    | Killed Pargi
  2483 | Sewer    | Reached XP level 6. HP: 49/49 MP: 1/10
  2952 | D:3      | Reached skill level 5 in Conjurations
  3110 | D:3      | Found an opulent altar of Gozag.
  3571 | D:4      | Reached skill level 5 in Fire Magic
  3571 | D:4      | Reached XP level 7. HP: 52/55 MP: 1/11
  4393 | D:4      | Identified the +4 sling of Okawaru's Reproof {heavy, Str+5}
  4453 | D:4      | Identified a scroll of acquirement
  4454 | D:4      | Acquired the scarf "Ylett" {repulsion, rF++ rCorr Int-3}
  4466 | D:4      | Learned a level 4 spell: Flame Wave
  4490 | D:5      | Entered Level 5 of the Dungeon
  4885 | D:5      | Reached XP level 8. HP: 62/62 MP: 2/12
  5136 | D:5      | Noticed Pikel
  5148 | D:5      | Noticed Ijyb
  5149 | D:5      | Killed Pikel
  5162 | D:5      | Killed Ijyb
  5248 | D:5      | Noticed Sigmund
  5258 | D:5      | Killed Sigmund
  5402 | D:5      | Reached XP level 9. HP: 63/68 MP: 7/13
  5570 | D:5      | Found an iron altar of Okawaru.
  6423 | D:6      | Found a radiant altar of Vehumet.
  7073 | D:7      | HP: 1/68 [wyvern (14)]
  7923 | D:7      | Reached skill level 10 in Fire Magic
  8229 | D:7      | Found a staircase to the Ecumenical Temple.
  8399 | D:7      | Found a sparkling altar of Nemelex Xobeh.
  8551 | D:7      | Reached XP level 10. HP: 68/75 MP: 8/14
  8662 | Temple   | Entered the Ecumenical Temple
  8741 | D:7      | Learned a level 3 spell: Mephitic Cloud
  8790 | D:8      | Found Kuxod's Weapon Boutique.
  8828 | D:8      | Noticed Grum
  8832 | D:8      | Reached skill level 10 in Conjurations
  8832 | D:8      | Reached skill level 1 in Air Magic
  9020 | D:8      | Noticed a +0 quick blade
  9101 | D:8      | Noticed Maurice
  9119 | D:8      | Killed Maurice
  9517 | D:8      | Killed Grum
  9753 | D:8      | Found a bloodstained altar of Trog.
  9756 | D:8      | Found a broken altar of Ashenzari.
  9761 | D:8      | Found a hide-covered altar of Uskayaw.
  9782 | D:8      | Found a snail-covered altar of Cheibriados.
  9879 | D:8      | Found a blossoming altar of Fedhas.
  9980 | D:8      | Became a worshipper of Cheibriados the Contemplative
 10144 | D:8      | Reached skill level 5 in Air Magic
 10327 | D:8      | Reached skill level 5 in Poison Magic
 10533 | D:8      | Found Udinukhlo's Antique Armour Emporium.
 10541 | D:8      | Bought a faintly glowing ring mail for 252 gold pieces
 10541 | D:8      | Identified the +0 ring mail "Hoisupp" {rF- Str+3} (You
                  | bought it in a shop on level 8 of the Dungeon)
 10570 | D:8      | Found a shimmering altar of Xom.
 10579 | D:8      | Found a basalt altar of Yredelemnul.
 10734 | D:8      | Bought a glimmering ring mail for 252 gold pieces
 10734 | D:8      | Identified the +6 ring mail "Ameklisk" {rN+} (You bought it
                  | in a shop on level 8 of the Dungeon)
 10828 | D:9      | Noticed a two-headed ogre
 10854 | D:9      | Noticed a two-headed ogre
 10875 | D:9      | Found a staircase to the Lair.
 11401 | D:9      | Killed a two-headed ogre
 11525 | D:9      | Killed a two-headed ogre
 11526 | D:9      | Reached XP level 11. HP: 81/81 MP: 4/15
 11633 | D:9      | Found a staircase to the Lair.
 12080 | D:9      | Found a burning altar of Makhleb.
 12185 | D:10     | Entered Level 10 of the Dungeon
 12759 | D:10     | Noticed a two-headed ogre
 12768 | D:10     | Killed a two-headed ogre
 12901 | D:10     | Noticed Urug
 12908 | D:10     | Demolished by Urug

Illustrated notes

Levels and vault maps discovered:
D:1:      dpeg_arrival_pits, layout_loops_ring
D:2:      layout_loops_ring, chequers_ecumenical_altar_island,
          nicolae_shop_vocational
D:3:      layout_basic, grunt_gozag_statues, portal_sewer_entry_a
D:4:      layout_rooms, serial_rivers, chequers_serial_rivers_micro_e,
          chequers_serial_rivers_small_a, chequers_serial_rivers_small_b,
          chequers_serial_rivers_micro_e, chequers_serial_rivers_micro_a
D:5:      layout_basic, mainiacjoe_overflow_24_doors, uniq_pikel, uniq_ijyb,
          uniq_sigmund
D:6:      layout_loops_ring, fiery_altar_vehumet, minivault_1, st_stairs_13
D:7:      layout_gridville, nemelex_diamond_rough_becter,
          minmay_temple_entry_nine_rooms, hangedman_minor_gate_pass
D:8:      layout_rooms, grunt_temple_overflow_diamond,
          mainiacjoe_overflow_large_starburst,
          mainiacjoe_overflow_catwalk_spiral, serial_shops,
          nicolae_shop_mannequins, nicolae_shop_peninsula,
          serial_co_window_serial, co_window_cross_1, co_window_corner_a,
          co_window_paths_a, co_window_paths_a, co_window_of_opportunity_a,
          co_window_broadway_b, co_window_of_opportunity_c,
          co_window_broadway_b, co_window_corner_b, glass_columns_a,
          due_unseen_surprise, uniq_maurice, uniq_grum
D:9:      layout_loops_ring, bloody_makhleb, lair_entry_dummy
D:10:     layout_stronghold, uniq_urug, uniq_maggie
Temple:   eino_temple_lava

Skill      XL: |  1  2  3  4  5  6  7  8  9 10 11 |
---------------+----------------------------------+-----
Spellcasting   | 3 |  3.0
Conjurations   | 3 4 5 6 8 9 10 | 10.0
Fire Magic     | 4 5 6 8 10 | 10.0
Air Magic      | 5 |  5.1
Poison Magic   | 5 |  5.0
Invocations    | 6 7 |  7.8
Dodging        | |  1.5
Stealth        | |  3.0

Action                     |  1- 3 |  4- 6 |  7- 9 | 10-12 || total
---------------------------+-------+-------+-------+-------++-------
  Melee: Spear             |     5 |       |       |       ||     5
         Dagger            |    10 |     6 |    50 |    15 ||    81
         Punch             |       |       |     1 |       ||     1
   Cast: Foxfire           |    65 |    75 |   128 |    66 ||   334
         Scorch            |     2 |     9 |    52 |    35 ||    98
         Flame Wave        |       |       |     3 |    11 ||    14
         Mephitic Cloud    |       |       |       |     5 ||     5
Ability: Spit Poison       |     6 |     1 |     5 |     2 ||    14
    Use: Scroll            |       |     4 |     5 |     5 ||    14
   Stab: Sleeping          |       |       |     1 |       ||     1
 Armour: Robe              |     5 |     1 |    17 |       ||    23
         Steam dragon scal |       |       |    17 |    15 ||    32
         Ring mail         |       |       |       |     4 ||     4
  Dodge: Dodged            |    14 |     6 |    52 |    37 ||   109
         Repelled          |       |       |     4 |       ||     4
  Block: Other             |     5 |     4 |    23 |    15 ||    47
         Reflection        |     1 |       |       |     4 ||     5
